 Dungeon Crawl Stone Soup version 0.20-a0-204-ge9bc5e3 (webtiles) character file.

7252 Faca the Basher (level 11, -15/84 HPs)
             Began as a Formicid Fighter on Nov 24, 2016.
             Was a Priest of Trog.
             Killed from afar by a gargoyle (29 damage)
             ... with a stone arrow
             ... on level 10 of the Dungeon.
             The game lasted 00:44:40 (9718 turns).

Faca the Basher (Formicid Fighter)                  Turns: 9718, Time: 00:44:41

Health: -15/84     AC: 15    Str: 21    XL:     11   Next: 33%
Magic:  0/11       EV: 14    Int:  6    God:    Trog [***...]
Gold:   532        SH: 13    Dex: 13    Spells: 10/10 levels left

rFire  + . .     SeeInvis +     i - +3 mace
rCold  . . .     Gourm    .     z - +0 plate armour
rNeg   . . .     Faith    .     c - +1 shield
rPois  .         Spirit   +     (helmet unavailable)
rElec  .         Reflect  .     (no cloak)
rCorr  .         Harm     .     q - +0 pair of gloves
MR     +....                    (no boots)
Stlth  ..........               h - amulet of guardian spirit
                                n - ring of protection from fire
                                u - +6 ring of evasion

@: no status effects
A: permanent stasis, dig shafts and tunnels, four strong arms, antennae 3, dopey
1, wild magic 1
a: Dig, Shaft Self, Trog's Hand, Burn Spellbooks, Renounce Religion


You were on level 10 of the Dungeon.
You worshipped Trog.
Trog was most pleased with you.
You were not hungry.

You visited 2 branches of the dungeon, and saw 11 of its levels.

You collected 532 gold pieces.

Inventory:

Hand Weapons
 i - a +3 mace (weapon)
Armour
 c - a +1 shield (worn)
 q - a +0 pair of gloves (worn)
 z - a +0 plate armour (worn)
Jewellery
 g - an uncursed ring of protection from cold
 h - an amulet of guardian spirit (around neck)
 n - a ring of protection from fire (right hand)
 u - a +6 ring of evasion (left hand)
Wands
 j - a wand of lightning (12/15)
 x - a wand of lightning (3/15)
 y - a wand of lightning (8/15)
Scrolls
 a - 3 scrolls of remove curse
 e - 7 scrolls of identify
 l - 3 scrolls of recharging
 s - a scroll of magic mapping
 t - 2 scrolls of enchant armour
 B - a scroll of fog
Potions
 d - a potion of invisibility
 o - a potion of brilliance
 p - a potion of curing
 r - a potion of resistance
 w - a potion of agility {unknown}
Comestibles
 f - 8 bread rations
 k - 16 fruits
 m - 2 meat rations
 v - 6 slices of pizza


   Skills:
 + Level 7.1 Fighting
 + Level 10.5 Maces & Flails
 + Level 8.5 Armour
 + Level 4.3 Dodging
 + Level 2.2 Stealth
 + Level 10.3 Shields


You had 10 spell levels left.
You didn't know any spells.

Dungeon Overview and Level Annotations

Branches:
Dungeon (10/15)            Temple (1/1) D:6            Lair (0/6) D:9
    Orc: D:9-12

Altars:
Cheibriados
Dithmenos
Elyvilon
Fedhas
Gozag
Hepliaklqana
Kikubaaqudgha
Makhleb
Nemelex Xobeh
Okawaru
Sif Muna
Trog
Uskayaw
Vehumet
Zin

Annotations:
D:8 terminator's ghost, novice MiBe


Innate Abilities, Weirdness & Mutations

You cannot be hasted, slowed, berserked, paralysed or teleported.
You can dig through walls and to a lower floor.
Your four strong arms can wield two-handed weapons with a shield.
You have a pair of large antennae on your head. (SInv)
You are dopey. (Int -2)
Your spells are a little harder to cast, but a little more powerful.


Message History

The gargoyle hurls a stone arrow at you.
The stone arrow hits you!
* * * LOW HITPOINT WARNING * * *
You feel better.
The shadow imp hits you but does no damage.
The gargoyle hurls a stone arrow at you.
The stone arrow hits you!
* * * LOW HITPOINT WARNING * * *
You hit the gargoyle but do no damage.
The gargoyle is almost destroyed.
The shadow imp hits you but does no damage.
The gargoyle closely misses you.
You hit the gargoyle but do no damage.
The gargoyle is almost destroyed.
You block the shadow imp's attack.
You hit the gargoyle but do no damage.
The gargoyle is almost destroyed.
The gargoyle hurls a stone arrow at you.
The stone arrow hits you!
You die...

#.........# #.###
#####'##### #...#
#...# ###.#
##†####### #####'##
#........# #......#
#........# #.)(...#
#..<.....# #.).)..#
#........#####..))..#
#........#...@5.....#
#........'.###9.....#
#........### #.[....+
#........# #......#
#........# #......#
########## ........#
.###+.##..# .. ...


You could see a gargoyle and a shadow imp.

Vanquished Creatures
  Pikel (D:5)
  A troll (D:9)
  Grinder (D:4)
  A two-headed ogre (D:9)
  2 hippogriffs (D:8)
  Sigmund (D:4)
  A wyvern (D:8)
  4 hogs (D:8)
  A human (D:8)
  Menkaure (D:6)
  Edmund (D:6)
  Duvessa (D:5)
  3 porcupines (D:9)
  2 ice beasts
  A sky beast (D:9)
  A slave (D:5)
  A necrophage (D:7)
  3 orc warriors
  An ogre (D:7)
  A phantom (D:7)
  3 centaurs
  A big kobold (D:7)
  10 bullfrogs
  Dowan (D:5)
  3 scorpions
  3 killer bees (D:7)
  9 wights
  7 howler monkeys
  2 centaur zombies (D:10)
  5 crimson imps
  A quasit (D:9)
  3 hounds
  2 gnoll shamans
  2 jellies
  10 orc wizards
  6 orc priests
  3 bullfrog skeletons
  4 iguanas
  2 worker ants
  2 hound zombies
  A worker ant zombie (D:5)
  5 gnolls
  9 adders
  3 shadow imps
  An ooze (D:3)
  3 adder skeletons
  4 adder zombies
  2 dart slugs
  6 leopard geckos
  21 orcs
  6 giant cockroaches
  6 goblins
  3 hobgoblins (D:1)
  11 jackals
  2 quokkas
  A ball python (D:8)
  8 bats
  6 frilled lizards
  13 kobolds
  3 leopard gecko skeletons
  4 rats (D:1)
226 creatures vanquished.

Vanquished Creatures (others)
  A slave (D:5)
  2 gnolls (D:5)
  A jackal zombie (D:5)
4 creatures vanquished.

Grand Total: 230 creatures vanquished

Notes
Turn   | Place    | Note
-------+----------+-------------------------------------------
     0 | D:1      | Faca the Formicid Fighter began the quest for the Orb.
     0 | D:1      | Reached XP level 1. HP: 18/18 MP: 1/1
   341 | D:1      | Reached XP level 2. HP: 14/24 MP: 2/2
   875 | D:1      | Reached XP level 3. HP: 29/29 MP: 3/3
  1152 | D:2      | Reached XP level 4. HP: 20/35 MP: 2/4
  1213 | D:2      | Found a sparkling altar of Nemelex Xobeh.
  2418 | D:4      | Reached skill level 1 in Dodging
  2418 | D:4      | Reached XP level 5. HP: 42/42 MP: 1/5
  2437 | D:4      | Found an ancient bone altar of Kikubaaqudgha.
  2442 | D:4      | Reached XP level 6. HP: 13/48 MP: 1/6
  2705 | D:4      | Noticed Sigmund
  2724 | D:4      | Killed Sigmund
  2724 | D:4      | Reached skill level 5 in Armour
  2724 | D:4      | Reached XP level 7. HP: 43/54 MP: 5/7
  3107 | D:4      | Reached skill level 5 in Shields
  3128 | D:4      | Noticed Grinder
  3152 | D:4      | Killed Grinder
  3781 | D:5      | Entered Level 5 of the Dungeon
  3795 | D:5      | Reached XP level 8. HP: 38/61 MP: 5/8
  3894 | D:5      | Reached skill level 5 in Maces & Flails
  4011 | D:5      | Gained mutation: Your spells are a little harder to cast, but a little more powerful. [potion of mutation]
  4011 | D:5      | Gained mutation: You are dopey. (Int -2) [potion of mutation]
  4015 | D:5      | Noticed Duvessa
  4015 | D:5      | Noticed Dowan
  4042 | D:5      | Killed Duvessa
  4042 | D:5      | Reached skill level 1 in Stealth
  4046 | D:5      | Killed Dowan
  4476 | D:5      | Noticed Pikel
  4502 | D:5      | Killed Pikel
  4502 | D:5      | Reached XP level 9. HP: 41/67 MP: 5/9
  4507 | D:5      | Reached skill level 5 in Fighting
  5119 | D:6      | Found a hazy altar of Hepliaklqana.
  5207 | D:6      | Noticed Menkaure
  5218 | D:6      | Killed Menkaure
  5307 | D:6      | Found a staircase to the Ecumenical Temple.
  5312 | Temple   | Entered the Ecumenical Temple
  5367 | Temple   | Became a worshipper of Trog the Wrathful
  5382 | D:6      | Noticed Edmund
  5391 | D:6      | Killed Edmund
  5529 | D:6      | Got a ripped robe
  5540 | D:6      | Identified the cursed +0 robe of Xysubu {rC+} (You found it on level 6 of the Dungeon)
  5829 | D:7      | Reached * piety under Trog
  6132 | D:7      | Reached XP level 10. HP: 69/75 MP: 8/10
  6646 | D:8      | Noticed terminator's ghost (novice MiBe)
  7588 | D:8      | Reached ** piety under Trog
  8257 | D:9      | Found a deep blue altar of Sif Muna.
  8474 | D:9      | Reached XP level 11. HP: 83/83 MP: 11/11
  8855 | D:9      | Reached skill level 10 in Maces & Flails
  8926 | D:9      | Found a staircase to the Lair.
  9042 | D:9      | Reached skill level 10 in Shields
  9218 | D:10     | Entered Level 10 of the Dungeon
  9228 | D:10     | Reached *** piety under Trog
  9718 | D:10     | Killed from afar by a gargoyle

Vault maps used:
D:1:      kennysheep_arrival_seaside
D:2:      nemelex_xobeh_ov_fountains_minmay
D:3:      nicolae_ru_the_path_less_chosen, first_bread, grunt_ministairs_15,
          kennysheep_generic_room_12
D:4:      lemuel_doored_altar, dk_vineyard_1, uniq_sigmund, uniq_grinder
D:5:      uniq_duvessa, uniq_pikel
D:6:      old_standard_altar, uniq_menkaure, uniq_edmund
D:8:      grunt_livestock, patterned_corridor
D:9:      led_sif_book, grunt_lair_entry_orc_guard_hut
D:10:     minivault_27
Temple:   eino_temple_scatter_basement

Skill      XL: |  1  2  3  4  5  6  7  8  9 10 11 |
---------------+----------------------------------+-----
Shields        | 4 5 6 8 9 10 | 10.3
Armour         | 4 5 6 7 8 |  8.5
Maces & Flails | 3 4 6 7 9 10 | 10.5
Dodging        | 1 2 3 4 |  4.3
Fighting       | 4 5 6 7 |  7.1
Stealth        | 1 2 |  2.2

Action                   |  1- 3 |  4- 6 |  7- 9 | 10-12 || total
-------------------------+-------+-------+-------+-------++-------
Melee: Flail             |   123 |    28 |       |       ||   151
       Mace              |       |    69 |   411 |   634 ||  1114
       Scythe            |       |       |     8 |       ||     8
Invok: Burn Spellbooks   |       |       |     1 |     1 ||     2
 Abil: Dig               |       |       |       |     1 ||     1
  Use: Scroll            |     3 |     3 |     7 |     5 ||    18
       Potion            |       |     8 |     4 |     2 ||    14
  Eat: Fruit             |     3 |       |       |       ||     3
       Meat ration       |       |     1 |     2 |     1 ||     4
       Pizza             |       |     1 |       |     1 ||     2
       Beef jerky        |       |       |     1 |     2 ||     3
Armor: Scale mail        |    57 |    50 |   104 |    61 ||   272
       Plate armour      |       |       |       |    63 ||    63
Dodge: Dodged            |    40 |    34 |   195 |   296 ||   565
Block: Shield            |    77 |    56 |   268 |   390 ||   791
